 Dungeon Crawl Stone Soup version 0.19-a0-1320-g0178847 (webtiles) character file.

70320 sveltemanboy the Impaler (level 14, -4/95 HPs)
             Began as a Demonspawn Artificer on Aug 31, 2016.
             Was the Champion of Hepliaklqana.
             Slain by a thorn hunter (5 damage)
             ... on level 1 of the Swamp.
             The game lasted 01:34:16 (24437 turns).

sveltemanboy the Impaler (Demonspawn Artificer)    Turns: 24437, Time: 01:34:17

Health: -4/95      AC: 17    Str: 20    XL:     14   Next: 93%
Magic:  0/23       EV: 17    Int: 11    God:    Hepliaklqana [******]
Gold:   1198       SH:  0    Dex: 17    Spells: 0 memorised, 13 levels left

rFire  . . .     SeeInvis +     r - +0 halberd (freeze)
rCold  + . .     Gourm    .     E - +1 troll leather armour
rNeg   . . .     Faith    .     (shield currently unavailable)
rPois  .         Spirit   +     i - +0 hat "Xovaekh" {rElec MR- Int+3 SInv}
rElec  +         Dismiss  +     a - +2 cloak {MR+}
rCorr  .         Reflect  .     t - +2 pair of gloves {Str+3}
MR     ++...     Harm     .     (no boots)
Stlth  ++........ Clarity  +    g - amulet of dismissal
                                J - +2 ring of dexterity
                                p - ring of protection from magic

@: no status effects
A: beak, horns 2, thin metallic scales 2, see invisible, clarity, cold
resistance 1, dopey 2, sense surroundings 1, powered by death 2, robust 1,
shaggy fur 1, slow regeneration 2, wild magic 1, magic shield, magic
regeneration
a: Recall Ancestor, Ancestor Identity, Transference, Idealise, Renounce Religion


You were on level 1 of the Swamp.
You worshipped Hepliaklqana.
Hepliaklqana was exalted by your worship.
You were not hungry.

You visited 6 branches of the dungeon, and saw 23 of its levels.
You also visited: Labyrinth.

You collected 2284 gold pieces.
You spent 1086 gold pieces at shops.

Inventory:

Hand Weapons
 m - a +0 antimagic halberd
 r - a +0 halberd of freezing (weapon)
 z - a +2 spear of venom
Missiles
 o - a throwing net (quivered)
Armour
 a - a +2 cloak of magic resistance (worn)
 i - the +0 hat "Xovaekh" (worn) {rElec MR- Int+3 SInv}
   (You found it on level 6 of the Lair of Beasts)

   It affects your intelligence (+3).
   It insulates you from electricity.
   It affects your resistance to hostile enchantments.
   It lets you see invisible.
 t - a +2 pair of gloves of strength (worn)
 E - a +1 troll leather armour (worn)
Jewellery
 g - an amulet of dismissal (around neck)
 p - a ring of protection from magic (left hand)
 q - an uncursed ring of positive energy
 J - a +2 ring of dexterity (right hand)
 N - an uncursed ring of resist corrosion
Wands
 c - a wand of flame (4/48)
 d - a wand of enslavement (0/24)
 e - a wand of acid (3/15)
 k - a wand of slowing (4/48)
 v - a wand of disintegration (4/24)
 y - a wand of polymorph (5/24)
 G - a wand of paralysis (2/24)
 K - a wand of lightning (5/15)
 M - a wand of teleportation (4/9)
Scrolls
 b - 7 scrolls of remove curse
 h - 4 scrolls of enchant weapon
 l - 10 scrolls of teleportation
 n - 14 scrolls of identify
 w - 2 scrolls of fear
 x - 3 scrolls of enchant armour
 A - 2 scrolls of fog
 B - 3 scrolls of blinking
 F - 4 scrolls of magic mapping
Potions
 s - 4 potions of curing
 u - 2 potions of might
 D - 3 potions of flight
 L - a potion of berserk rage
Miscellaneous
 C - a phial of floods
 H - a lamp of fire
 I - a fan of gales
Comestibles
 f - 13 bread rations
 O - 2 slices of pizza


   Skills:
 - Level 4.0 Fighting
   Level 0.8 Short Blades
 * Level 15.8 Polearms
 + Level 9.3 Armour
 + Level 8.1 Dodging
 - Level 0.8 Stealth
 - Level 8.0 Invocations
 + Level 13.2 Evocations


You had 13 spell levels left.
You didn't know any spells.

Dungeon Overview and Level Annotations

Branches:
Dungeon (12/15)            Temple (1/1) D:7            Lair (6/6) D:9
  Swamp (1/4) Lair:4       Spider (1/4) Lair:3        Slime (0/5) Lair:5
    Orc (2/2) D:10            Elf (0/3) Orc:2

Altars:
Ashenzari
Cheibriados
Dithmenos
Elyvilon
Fedhas
Gozag
Hepliaklqana
Kikubaaqudgha
Makhleb
Nemelex Xobeh
Okawaru
Qazlal
Ru
Sif Muna
Trog
Uskayaw
Vehumet
Xom
Yredelemnul
Zin
The Shining One
Beogh

Shops:
D:6 *   Orc:1 }   Orc:2 ![}!

Annotations:
Lair:6 exclusion: oklob plant
Spider:1 ilikecats's ghost, adept MiFi


Innate Abilities, Weirdness & Mutations

You have a pair of horns on your head.
You are mostly covered in thin metallic scales. (AC +3)
You regenerate health from kills.
You are robust. (+10% HP)
When hurt, damage is shared between your health and your magic reserves.
You regenerate magic rapidly.
You have a beak for a mouth.
You have supernaturally acute eyesight. (SInv)
You possess an exceptional clarity of mind.
Your flesh is cold resistant. (rC+)
You are very dopey. (Int -4)
You passively map a small area around you.
You are covered in fur. (AC +1)
You do not regenerate when monsters are visible.
Your spells are a little harder to cast, but a little more powerful.


Message History

The thorn hunter is almost destroyed.
The briar patch crumbles away.
The thorn hunter gestures.
Thorny briars emerge from the ground!
You slash the thorn hunter! You freeze the thorn hunter.
The thorn hunter is almost destroyed.
The thorn hunter hits you but does no damage.
The thorn hunter closely misses you.
You hit the thorn hunter but do no damage.
Your headbutt misses the thorn hunter.
The thorn hunter is almost destroyed.
The thorn hunter fires a volley of thorns at you.
The volley of thorns hits you!
* * * LOW HITPOINT WARNING * * *
You hit the thorn hunter but do no damage.
Your headbutt misses the thorn hunter.
The thorn hunter is almost destroyed.
The briar patch crumbles away.
The thorn hunter misses you. The thorn hunter hits you.
You die...

..≈≈≈≈≈≈≈..≈♣♣ ♣.≈≈.♣♣♣♣≈≈.♣♣
..≈≈....≈≈≈.≈♣♣♣♣♣♣...♣♣♣ ♣≈≈..♣♣
..≈≈≈...≈≈≈≈.♣♣≈........♣ ♣≈....♣
.†≈≈≈...≈≈≈≈...≈≈≈..≈≈≈≈♣♣♣≈..≈≈.
♣.≈≈≈≈...≈≈≈...≈≈..≈≈≈≈≈.♣...≈≈≈.
≈..≈≈≈...≈≈...≈....≈≈≈≈≈.§≈≈..≈..
♣......≈...≈.≈♣≈...≈≈≈≈..♣≈≈≈≈..≈
♣♣♣♣♣♣♣♣♣.≈.≈♣♣..>≈≈≈≈≈≈.♣.≈≈≈≈.♣
♣.....♣♣.@f#≈≈≈.≈≈≈≈≈≈≈≈≈.
♣♣.PP.≈≈≈..##.....§.≈≈≈≈≈.
♣♣.≈PP..P≈..P#..........≈..
♣≈..PP.§.PP.P####....♣♣....
♣♣.♣P.≈.....##.###..≈♣♣♣≈..
♣♣♣♣..≈........##.........
♣♣≈.♣≈♣(.....#........≈
♣≈.P♣♣♣♣♣P..####.#..♣♣≈
♣♣P♣♣♣≈♣≈PPP######.♣♣.≈


You could see a thorn hunter.

Vanquished Creatures
  Kirke (Lair:5)
  A stone giant (Orc:2)
  A minotaur (Lab)
  Fannar (D:10)
  6 hydras
  2 catoblepae (Lair:6)
  An alligator (Swamp:1)
  10 death yaks (Lair:6)
  2 ogre magi (Orc:2)
  An unseen horror (D:12)
  2 hill giants
  8 orc sorcerers
  2 griffons (Lair:3)
  Maurice (D:10)
  A black mamba (Lair:6)
  16 elephants
  11 spiny frogs
  Joseph (D:9)
  A rime drake (Lair:4)
  6 komodo dragons
  3 demonic crawlers
  A polar bear (Lair:6)
  4 two-headed ogres
  2 jumping spiders
  5 trolls
  Grinder (D:5)
  7 blink frogs
  A bog body (Swamp:1)
  A shadow (Swamp:1)
  5 redbacks
  2 vampires
  A water elemental (Orc:2)
  A hungry ghost (D:8)
  3 basilisks
  28 yaks
  9 vampire mosquitoes
  7 hippogriffs
  A warg (Orc:1)
  2 swamp worms (Swamp:1)
  A steam dragon (D:9)
  14 crocodiles
  12 water moccasins
  Edmund (D:5)
  Duvessa (D:5)
  2 swamp drakes (Swamp:1)
  9 porcupines
  11 orc warriors
  A phantom (D:12)
  An eye of draining (D:12)
  6 sky beasts
  7 centaurs
  10 ogres
  10 wolves
  2 big kobolds
  The ghost of Xiguana the Vexing, an amateur SpAM of Xom (D:3)
  9 giant frogs
  A gnoll sergeant (D:6)
  A water moccasin zombie (D:6)
  2 wyvern skeletons
  3 killer bees (D:8)
  Dowan (D:5)
  2 scorpions (D:9)
  2 electric eels
  3 howler monkeys
  A vampire bat (D:3)
  5 crimson imps
  3 hounds
  4 jellies
  3 orc priests
  A centaur skeleton (D:4)
  Crazy Yiuf (D:3)
  4 giant frog skeletons
  10 iguanas
  33 orc wizards
  3 worker ants
  A hound zombie (D:10)
  A hound skeleton (D:7)
  A worker ant zombie (D:9)
  4 gnolls (D:3)
  7 adders
  23 river rats
  3 shadow imps
  An ooze (D:3)
  An adder skeleton (D:9)
  An adder zombie (D:6)
  3 worms
  2 dart slugs
  4 giant geckos
  70 orcs
  6 giant cockroaches
  9 goblins
  13 hobgoblins
  11 jackals
  18 kobolds
  6 quokkas
  A ball python (D:2)
  13 bats
  A giant gecko skeleton (D:5)
  4 giant newts
  13 rats
  2 briar patches (Swamp:1)
  A plant (Lair:6)
560 creatures vanquished.

Vanquished Creatures (collateral kills)
  2 ogre magi (Orc:2)
  A catoblepas (Lair:6)
  3 death yaks (Lair:6)
  An unseen horror (D:10)
  A hill giant (D:11)
  An orc knight (D:10)
  4 elephants
  2 torpor snails
  A komodo dragon (Lair:3)
  A jumping spider (Lair:3)
  A giant leech (Swamp:1)
  A troll (D:12)
  2 blink frogs (Lair:5)
  9 yaks
  Grum (D:10)
  3 wolves
  A steam dragon (Lair:4)
  2 basilisks (D:9)
  A vampire mosquito (Swamp:1)
  A hippogriff (Lair:2)
  A swamp worm (Swamp:1)
  A water moccasin (Lair:5)
  3 orc warriors
  An ice beast (D:12)
  A necrophage (D:12)
  A centaur (D:12)
  2 crocodiles (D:9)
  3 ogres
  A big kobold (D:8)
  4 giant frogs
  2 jellies
  A giant frog skeleton (D:9)
  A hound (D:12)
  An orc priest (Orc:2)
  8 iguanas
  7 orc wizards
  3 worker ants
  4 gnolls (D:6)
  2 river rats
  A shadow imp (D:9)
  A worm (D:5)
  12 orcs
  4 kobolds (D:8)
  A rat (D:9)
105 creatures vanquished.

Vanquished Creatures (others)
  A death yak (Lair:6)
  An orc knight (D:12)
  A porcupine (D:9)
  6 yaks
  3 humans (Lair:5)
  A wolf (D:10)
  31 hexers
  4 ancestors
  A briar patch (Swamp:1)
  10 fungi
  12 plants
71 creatures vanquished.

Grand Total: 736 creatures vanquished

Notes
Turn   | Place    | Note
-------+----------+-------------------------------------------
     0 | D:1      | sveltemanboy the Demonspawn Artificer began the quest for the Orb.
     0 | D:1      | Reached XP level 1. HP: 15/15 MP: 3/3
    74 | D:1      | Gained mutation: You regenerate a little health from kills. [demonic ancestry]
    74 | D:1      | Reached XP level 2. HP: 10/21 MP: 4/4
   599 | D:1      | Reached skill level 1 in Armour
   614 | D:1      | Gained mutation: You have a pair of small horns on your head. [demonic ancestry]
   614 | D:1      | Reached XP level 3. HP: 27/27 MP: 5/5
  1593 | D:2      | Found a shimmering altar of Xom.
  2008 | D:3      | Gained mutation: When hurt, damage is shared between your health and your magic reserves. [demonic ancestry]
  2008 | D:3      | Reached XP level 4. HP: 32/34 MP: 6/6
  2144 | D:3      | Reached XP level 5. HP: 18/41 MP: 1/8
  2316 | D:3      | Noticed a centaur
  2319 | D:3      | Killed a centaur
  2365 | D:3      | Found a sparkling altar of Nemelex Xobeh.
  2443 | D:3      | Noticed Xiguana's ghost (amateur SpAM)
  2483 | D:3      | Killed Xiguana's ghost
  2483 | D:3      | Gained mutation: You are partially covered in thin metallic scales. (AC +2) [demonic ancestry]
  2483 | D:3      | Reached XP level 6. HP: 36/48 MP: 3/9
  2910 | D:3      | Found a runed door.
  2914 | D:3      | Noticed Crazy Yiuf
  2924 | D:3      | Killed Crazy Yiuf
  3810 | D:3      | Reached skill level 1 in Polearms
  4198 | D:4      | Reached skill level 2 in Polearms
  4262 | D:4      | Reached skill level 5 in Evocations
  4262 | D:4      | Gained mutation: You regenerate health from kills. [demonic ancestry]
  4262 | D:4      | Reached XP level 7. HP: 40/54 MP: 2/10
  4405 | D:4      | Found a burning altar of Makhleb.
  4405 | D:4      | Found a glowing golden altar of the Shining One.
  4618 | D:4      | Reached skill level 3 in Polearms
  4898 | D:4      | Got a translucent ivory ring
  4900 | D:4      | Identified the ring "Ginaxe" {+Inv Stlth-} (You found it on level 4 of the Dungeon)
  4949 | D:4      | Reached skill level 4 in Polearms
  5141 | D:5      | Entered Level 5 of the Dungeon
  5141 | D:5      | Noticed Duvessa
  5141 | D:5      | Noticed Dowan
  5164 | D:5      | Killed Dowan
  5177 | D:5      | Found a sacrificial altar of Ru.
  5256 | D:5      | Killed Duvessa
  5305 | D:5      | Noticed Grinder
  5317 | D:5      | Killed Grinder
  5317 | D:5      | Reached skill level 5 in Polearms
  5317 | D:5      | Reached XP level 8. HP: 54/60 MP: 4/12
  5357 | D:5      | Noticed Edmund
  5378 | D:5      | Killed Edmund
  5723 | D:6      | Reached skill level 6 in Polearms
  5730 | D:6      | Gained mutation: You expend magic power (3 MP) to strengthen your wands. [mutagenic meat]
  5733 | D:6      | Gained mutation: You passively map a small area around you. [mutagenic meat]
  5739 | D:6      | Gained mutation: Your flesh is cold resistant. (rC+) [mutagenic meat]
  5745 | D:6      | Gained mutation: You occasionally shout uncontrollably at your foes. [mutagenic meat]
  6342 | D:6      | Reached skill level 7 in Polearms
  6468 | D:6      | Reached XP level 9. HP: 65/65 MP: 14/14
  6560 | D:6      | Found Hudiw's Assorted Antiques.
  6595 | D:6      | Bought a ruby potion for 24 gold pieces
  6595 | D:6      | Bought a fizzy coppery potion for 24 gold pieces
  6595 | D:6      | Bought a scroll labeled FOHAYXT XILY for 27 gold pieces
  6595 | D:6      | Bought a scroll labeled FOHAYXT XILY for 27 gold pieces
  6595 | D:6      | Bought a golden potion for 24 gold pieces
  6621 | D:6      | Lost mutation: Your flesh is cold resistant. (rC+) [potion of cure mutation]
  6621 | D:6      | Lost mutation: You expend magic power (3 MP) to strengthen your wands. [potion of cure mutation]
  6621 | D:6      | Lost mutation: You occasionally shout uncontrollably at your foes. [potion of cure mutation]
  6622 | D:6      | Gained mutation: You have large cloven feet. [potion of mutation]
  6622 | D:6      | Gained mutation: You regenerate slowly when monsters are visible. [potion of mutation]
  6622 | D:6      | Gained mutation: You are dopey. (Int -2) [potion of mutation]
  7231 | D:7      | Found a staircase to the Ecumenical Temple.
  7242 | Temple   | Entered the Ecumenical Temple
  7409 | Temple   | Became a worshipper of Hepliaklqana
  7720 | D:8      | Reached skill level 8 in Polearms
  7720 | D:8      | Reached skill level 1 in Invocations
  7727 | D:8      | Gained mutation: You possess an exceptional clarity of mind. [mutagenic meat]
  7730 | D:8      | Gained mutation: Your flesh is cold resistant. (rC+) [mutagenic meat]
  7733 | D:8      | Gained mutation: You are very dopey. (Int -4) [mutagenic meat]
  7736 | D:8      | Gained mutation: You evolve. [mutagenic meat]
  7739 | D:8      | Gained mutation: You are frail. (-10% HP) [mutagenic meat]
  7944 | D:8      | Reached * piety under Hepliaklqana
  8196 | D:8      | Reached skill level 9 in Polearms
  8788 | D:9      | Reached XP level 10. HP: 49/56 MP: 5/16
  9018 | D:9      | Reached ** piety under Hepliaklqana
  9019 | D:9      | Remembered your ancestor Sander as a hexer
  9138 | D:9      | Reached skill level 5 in Invocations
  9220 | D:9      | Reached skill level 10 in Polearms
  9319 | D:9      | Found a staircase to the Lair.
  9554 | D:9      | Noticed Joseph
  9615 | D:9      | Killed Joseph
  9983 | D:10     | Entered Level 10 of the Dungeon
  9983 | D:10     | Noticed Maurice
  9996 | D:10     | Killed Maurice
 10000 | D:10     | Gained mutation: You do not regenerate when monsters are visible. [evolution]
 10172 | D:10     | Noticed Fannar
 10272 | D:10     | Killed an unseen horror
 10272 | D:10     | Reached skill level 11 in Polearms
 10272 | D:10     | Gained mutation: You regenerate magic rapidly. [demonic ancestry]
 10272 | D:10     | Reached XP level 11. HP: 38/61 MP: 3/18
 10288 | D:10     | Reached *** piety under Hepliaklqana
 10323 | D:10     | Noticed Grum
 10335 | D:10     | Killed Grum
 10453 | D:10     | Noticed a hill giant
 10463 | D:10     | Killed a hill giant
 10623 | D:10     | Gained mutation: You are weak. (Str -2) [mutagenic meat]
 10626 | D:10     | Lost mutation: You are weak. (Str -2) [mutagenic meat]
 10629 | D:10     | Gained mutation: Your spells are a little harder to cast, but a little more powerful. [mutagenic meat]
 10675 | D:10     | Found a staircase to the Orcish Mines.
 10740 | D:10     | Killed Fannar
 10743 | D:10     | Gained mutation: You have a pair of horns on your head. [evolution]
 10809 | D:11     | Noticed a hill giant
 10826 | D:11     | Killed a hill giant
 10889 | D:11     | Gained mutation: You have supernaturally acute eyesight. (SInv) [mutagenic meat]
 10898 | D:11     | Gained mutation: You are covered in fur. (AC +1) [mutagenic meat]
 10901 | D:11     | Lost mutation: You have large cloven feet. [mutagenic meat]
 11260 | D:12     | Reached skill level 10 in Evocations
 11345 | D:12     | Noticed a hill giant
 11355 | D:12     | Killed a hill giant
 11598 | D:12     | Noticed an unseen horror
 11609 | D:12     | Killed an unseen horror
 11693 | D:12     | Reached **** piety under Hepliaklqana
 11851 | D:12     | Reached skill level 12 in Polearms
 11896 | D:12     | Gained mutation: You are mostly covered in thin metallic scales. (AC +3) [evolution]
 12187 | D:12     | Noticed an orc knight
 12459 | Lair:1   | Entered Level 1 of the Lair of Beasts
 13016 | Lair:1   | Reached ***** piety under Hepliaklqana
 13385 | Lair:2   | Reached skill level 5 in Armour
 13435 | Lair:2   | Found a labyrinth entrance.
 13444 | Lab      | Entered a labyrinth
 13812 | Lab      | Noticed a minotaur
 13828 | Lab      | Killed a minotaur
 13828 | Lab      | Gained mutation: You have a pair of large horns on your head. [demonic ancestry]
 13828 | Lab      | Reached XP level 12. HP: 66/66 MP: 6/20
 13853 | Lab      | Identified the Guide on Malediction
 15240 | Lair:3   | Reached skill level 13 in Polearms
 15325 | Lair:3   | Reached ****** piety under Hepliaklqana
 15423 | Lair:3   | Found a hole to the Spider Nest.
 15682 | Lair:3   | Gained mutation: You have a beak for a mouth. [potion of beneficial mutation]
 16592 | Lair:4   | Found a staircase to the Swamp.
 17075 | Lair:4   | Lost mutation: You are frail. (-10% HP) [demonic ancestry]
 17075 | Lair:4   | Gained mutation: You are robust. (+10% HP) [demonic ancestry]
 17075 | Lair:4   | Reached XP level 13. HP: 66/88 MP: 7/21
 17579 | Lair:5   | Noticed Kirke
 17582 | Lair:5   | Reached skill level 5 in Dodging
 17583 | Lair:5   | Killed Kirke
 17683 | Lair:5   | Reached skill level 14 in Polearms
 18092 | Lair:5   | Found a staircase to the Slime Pits.
 18318 | Lair:5   | Found a hide-covered altar of Uskayaw.
 18410 | Lair:5   | Lost mutation: You have a pair of large horns on your head. [evolution]
 18410 | Lair:5   | Lost mutation: You evolve. [end of evolution]
 18627 | Orc:1    | Entered Level 1 of the Orcish Mines
 19006 | Orc:1    | Found a roughly hewn altar of Beogh.
 19124 | Orc:1    | Found Haqar's Gadget Shoppe.
 19614 | Orc:2    | Entered Level 2 of the Orcish Mines
 19614 | Orc:2    | Noticed a stone giant
 19625 | Orc:2    | Killed a stone giant
 19972 | Orc:2    | Found a staircase to the Elven Halls.
 20433 | Orc:2    | Found Amupne's Gadget Shoppe.
 20453 | Orc:2    | Found a radiant altar of Vehumet.
 20509 | Orc:2    | Found Faeffico's Antique Armour Shoppe.
 20519 | Orc:2    | Found an ancient bone altar of Kikubaaqudgha.
 20590 | Orc:2    | Found a roughly hewn altar of Beogh.
 20590 | Orc:2    | Found Xavole's Distillery.
 20593 | Orc:2    | Found Jaopud's Distillery.
 20775 | Orc:2    | Bought a phial of floods for 480 gold pieces
 20775 | Orc:2    | Bought a fan of gales for 480 gold pieces
 20974 | Lair:5   | Reached XP level 14. HP: 78/95 MP: 7/23
 20979 | Lair:6   | Entered Level 6 of the Lair of Beasts
 21199 | Lair:6   | Reached skill level 15 in Polearms
 22626 | Lair:6   | Got a slimy hat
 22632 | Lair:6   | Identified the +0 hat "Xovaekh" {rElec MR- Int+3 SInv} (You found it on level 6 of the Lair of Beasts)
 22791 | Spider:1 | Entered Level 1 of the Spider Nest
 22940 | Spider:1 | Noticed ilikecats's ghost (adept MiFi)
 23103 | Swamp:1  | Entered Level 1 of the Swamp
 24417 | Swamp:1  | Noticed a thorn hunter
 24436 | Swamp:1  | HP: 1/95 [thorn hunter/volley of thorns (26)]
 24437 | Swamp:1  | Slain by a thorn hunter

Vault maps used:
D:1:      dpeg_arrival_tiny_i
D:2:      tgw_xom
D:3:      nemelex_xobeh_ov_fountains_minmay, roderic_batcave,
          uniq_crazy_yiuf_cottage
D:4:      gammafunk_temple_overflow_elements
D:5:      first_bread, hangedman_ru_absence, uniq_grinder, uniq_edmund,
          uniq_duvessa
D:6:      serial_shops, nicolae_shop_overgrown_old_shop
D:9:      minmay_lair_entry_grove, grunt_ogre_cave, kennysheep_generic_room_2,
          uniq_joseph
D:10:     orc_0_dummy, uniq_maurice, uniq_fannar, uniq_grum
D:11:     lemuel_ogre_cave, serial_shops, shop_coins
D:12:     special_room
Temple:   dpeg_five_rooms_temple
Lair:1:   serial_bayou_shore_b
Lair:2:   lab_entry_generic
Lair:3:   spider_nest_entry_a, grunt_megastairs_2, infiniplex_staircase_pool_2
Lair:4:   minmay_swamp_entry_swarm, grunt_megastairs_1, lemuel_fruit_tree,
          serial_bayou_shore_b
Lair:5:   minmay_slime_entry_pillars, basic_altar, serial_bayou_shore_b,
          serial_bayou_shore_a, uniq_kirke
Lair:6:   evilmike_catoblepas_cave, dpeg_oklob_1
Swamp:1:  serial_swamp_ruin, evilmike_swamp_ruin_house_1,
          evilmike_swamp_ruin_house_6, hangedman_swamp_ruin_wall
Spider:1: hangedman_spider_tarantella_strand
Orc:1:    serial_shops, nicolae_shop_waterfront, basic_altar
Orc:2:    kennysheep_orc_mage_school
Lab:      nicolae_lab_dead_adventurers, nicolae_lab_grate_2,
          nicolae_lab_diamond, labyrinth_glass_1, labyrinth_skeletal_remains,
          lab_statue, nicolae_lab_starburst

Skill      XL: |  1  2  3  4  5  6  7  8  9 10 11 12 13 14 |
---------------+-------------------------------------------+-----
Dodging        | 2 4 6 8 |  8.1
Fighting       | 2 3 4 |  4.0
Armour         | 1 2 3 5 6 8 9 |  9.3
Evocations     | 4 5 6 7 8 9 10 11 12 13 | 13.2
Polearms       | 2 5 7 9 11 12 13 14 15 | 15.8
Invocations    | 4 7 8 |  8.0
Short Blades   | |  0.8
Stealth        | |  0.8

Action                   |  1- 3 |  4- 6 |  7- 9 | 10-12 | 13-15 || total
-------------------------+-------+-------+-------+-------+-------++-------
Melee: Short sword       |   160 |    64 |       |       |       ||   224
       Headbutt          |     8 |    24 |    69 |   146 |   209 ||   456
       Mace              |       |    62 |       |       |       ||    62
       Halberd           |       |    78 |   147 |   907 |   954 ||  2086
       Spear             |       |       |   307 |       |    57 ||   364
       Kick              |       |       |    39 |    68 |       ||   107
       Peck              |       |       |       |    33 |   233 ||   266
Throw: Stone             |    21 |    10 |     8 |       |       ||    39
Invok: Ancestor Identity |       |       |     1 |       |       ||     1
       Ancestor Life: He |       |       |       |     1 |       ||     1
       Idealise          |       |       |       |       |     1 ||     1
Evoke: Wand              |     3 |    24 |     6 |    32 |    34 ||    99
       Lamp of fire      |       |       |       |     1 |     1 ||     2
       Fan of gales      |       |       |       |       |     1 ||     1
       Phial of floods   |       |       |       |       |     1 ||     1
  Use: Scroll            |     3 |       |    11 |    12 |     3 ||    29
       Potion            |       |     3 |     8 |    11 |     4 ||    26
 Stab: Sleeping          |     2 |     1 |       |     9 |     1 ||    13
       Distracted        |       |       |     1 |    12 |    16 ||    29
       Confused          |       |       |       |    18 |    14 ||    32
       Paralysed         |       |       |       |     6 |       ||     6
       Petrified         |       |       |       |       |     6 ||     6
  Eat: Chunk             |     4 |     5 |    27 |    34 |    18 ||    88
       Royal jelly       |       |     1 |       |       |       ||     1
       Pizza             |       |       |       |     2 |       ||     2
       Meat ration       |       |       |       |       |     2 ||     2
Armor: Leather armour    |    38 |    56 |       |       |       ||    94
       Skin              |       |    10 |       |       |       ||    10
       Ring mail         |       |     9 |   161 |    12 |       ||   182
       Troll leather arm |       |       |       |   175 |   255 ||   430
Dodge: Dodged            |    86 |   129 |   186 |   284 |   489 ||  1174
